 Dungeon Crawl Stone Soup version 0.23-a0-151-gf6d1ed2717 (webtiles) character file.

24 PikkenKukken the Sneak (level 2, -3/23 HPs)
             Began as a Demonspawn Assassin on Sept 8, 2018.
             Slain by a worker ant (5 damage)
             ... on level 1 of the Dungeon.
             The game lasted 00:01:32 (883 turns).

PikkenKukken the Sneak (Demonspawn Assassin)         Turns: 883, Time: 00:01:33

Health: -3/23      AC:  3    Str: 11    XL:     2   Next: 79%
Magic:  2/2        EV: 12    Int: 17    God:
Gold:   77         SH:  0    Dex: 14    Spells: 1/1 levels left

rFire    . . .     SeeInvis .   a - +2 dagger
rCold    . . .     Gourm    .   (no shield)
rNeg     . . .     Faith    .   c - +0 robe
rPois    .         Spirit   .   (helmet restricted)
rElec    .         Reflect  .   d - +0 cloak
rCorr    .         Harm     .   (no gloves)
MR       .....                  (no boots)
Stlth    ++........             (no amulet)
HPRegen  0.07/turn              (no ring)
MPRegen  0.08/turn              (no ring)

@: brilliant, lethally poisoned (-3 -> -13)
A: antennae 1
a: no special abilities


You were on level 1 of the Dungeon.
You were not hungry.

You visited 1 branch of the dungeon, and saw 2 of its levels.

You collected 77 gold pieces.

Inventory:

Hand Weapons
 a - a +2 dagger (weapon)
 b - a +0 blowgun
Missiles
 e - 8 poisoned needles
 f - 2 curare-tipped needles
 j - 8 javelins (quivered)
 k - 6 needles of frenzy
Armour
 c - a +0 robe (worn)
 d - a +0 cloak (worn)
Comestibles
 g - 2 rations
 h - 5 chunks of flesh


   Skills:
 + Level 2.3 Fighting
 * Level 2.5 Short Blades
 - Level 1.7 Throwing
 + Level 1.4 Dodging
 - Level 3.6 Stealth


You had one spell level left.
You didn't know any spells.
Your spell library was empty.

Dungeon Overview and Level Annotations

Branches:
Dungeon (2/15)

Altars:
Gozag
Hepliaklqana


Innate Abilities, Weirdness & Mutations

You have a pair of small antennae on your head.


Message History

The worker ant is lightly wounded.
You feel sick. The worker ant barely misses you.
You hit the worker ant but do no damage.
The worker ant is lightly wounded.
The worker ant bites you but does no damage.
You hit the worker ant.
The worker ant is moderately wounded.
You feel sick. The worker ant bites you.
* * * LOW HITPOINT WARNING * * *
You are more poisoned.
The worker ant poisons you!
You hit the worker ant.
The worker ant is moderately wounded.
* * * LOW HITPOINT WARNING * * *
You feel sick. The worker ant barely misses you.
It was a potion of brilliance.
You feel clever all of a sudden.
* * * LOW HITPOINT WARNING * * *
You feel sick. The worker ant bites you.
You die...

.....########8..≈....≈....≈..8#.#
..##........#..)..#..≈..#.....#.#
..##########....####...####.....#
..# #..#######.## ####...#
..############.....##.# #.####.#
..........###.#.......# #.# #.#
.########.#..#.......## #.# #.#
## #.............# #.# #.# #
#.......@....## #.# #.# #
##.[..#a....## #.####.# #
##.##.....## #.##...# #
#.###...## #.##.### # #.#
#.#.########.##.# #
####.###............##.# #
##.......##.###.#######.# #
##..#####.##.##.#.######.# #
##.#.## #.##.#.###.......#


You could see a worker ant.

Vanquished Creatures
  A leopard gecko (D:1)
  2 bats (D:1)
  A giant cockroach (D:1)
  3 goblins
  A hobgoblin (D:1)
  4 jackals (D:1)
  7 kobolds
  A rat (D:1)
20 creatures vanquished.

Notes
Turn   | Place    | Note
-------+----------+-------------------------------------------
     0 | D:1      | PikkenKukken the Demonspawn Assassin began the quest for
                  | the Orb.
     0 | D:1      | Reached XP level 1. HP: 16/16 MP: 1/1
    49 | D:1      | Reached skill level 1 in Dodging
   216 | D:1      | Gained mutation: You have a pair of small antennae on your
                  | head. [demonic ancestry]
   216 | D:1      | Reached XP level 2. HP: 20/22 MP: 2/2
   871 | D:2      | Found a hazy altar of Hepliaklqana.
   871 | D:2      | Found an opulent altar of Gozag.
   883 | D:1      | Slain by a worker ant

Vault maps used:
D:1:      eino_arrival_water_star
D:2:      cheibrodos_old_hovel, grunt_temple_overflow_open

Skill      XL: |  1 |
---------------+----+-----
Dodging        | 1 |  1.4
Short Blades   | 2 |  2.5
Fighting       | |  2.3
Throwing       | |  1.7
Stealth        | |  3.6

Action                   || total
-------------------------++-------
Melee: Dagger            ||    61
  Use: Scroll            ||     2
       Potion            ||     1
 Stab: Sleeping          ||     6
Armor: Robe              ||     8
Dodge: Dodged            ||    33

Table legend:
 A = Non-vault XP
 B = Vault XP
 C = Vault XP percentage of total XP
 D = Non-vault monster count
 E = Vault monster count
 F = Vault count percentage of total count
                 A         B        C        D         E       F
            +---------+---------+-------+---------+---------+-------
      Total |      35 |       0 |   0.0 |      20 |       0 |   0.0
            +---------+---------+-------+---------+---------+-------
        D:1 |      32 |       0 |   0.0 |      18 |       0 |   0.0
        D:2 |       3 |       0 |   0.0 |       2 |       0 |   0.0
            +---------+---------+-------+---------+---------+-------
